Unix NetHack Version 5.0.0-0 post-release - last build May 31 2026 23:59:36 (970b52f25bf058293b47ddfd14a1e40e571c508c,branch:main).

Game began 2026-06-09 05:09:10, ended 2026-06-09 05:18:28.

Brudee, chaotic female human Rogue

                                      .---)
                                      .<)h.
                                      ..@%.
                                      ....-
                                       ...

Brudee the Cutpurse     St:12 Dx:18 Co:15 In:11 Wi:12 Ch:9  Chaotic S:789
Dlvl:4  $:227 HP:0(29) Pw:13(13) AC:3  Xp:4/103 T:1351 

Latest messages:
 You have a little trouble lifting J - a +0 dagger (at the ready) (5 in total).
 What do you want to read? [gquv or ?*] ?
 You begin to memorize the runes.
 You learn the "confuse monster" spell.
 What do you want to drop? [$a-xzAD-J or ?*] v
 You drop a spellbook of confuse monster.
 Your movements are now unencumbered.
 What do you want to read? [gqu or ?*] ?
 You feel a wrenching sensation.
 You materialize in a different location!
 You can move again.
 What do you want to read? [gqu or ?*] g
 You feel a wrenching sensation.
 You materialize in a different location!
 The spellbook crumbles to dust!
 Call a silver spellbook: 
 You can move again.
 You are beginning to feel hungry.
 You see here an empty unlocked chest.
 What do you want to eat? [mos or ?*] ?
 This food really hits the spot!
 You finish eating the food ration.
 You descend the stairs.
 In what direction? l
 You throw 2 daggers.
 The 1st dagger hits the gnome lord.
 The 2nd dagger hits the gnome lord.
 The gnome lord swings his thonged club.
 The gnome lord hits!
 You kill the gnome lord!
 You learn more about your items by comparing them.
 J - 3 +0 daggers (at the ready) (6 in total).
 J - 2 +0 daggers (at the ready) (8 in total).
 You are hit by an arrow.
 In what direction? l
 You kill it!
 The dwarf swings her broad pick.
 The dwarf hits!
 In what direction? u
 The dagger hits the dwarf.
 You see here a crossbow bolt.
 In what direction? u
 You throw 2 daggers.
 The 1st dagger misses the dwarf.
 The 2nd dagger hits the dwarf.
 The dwarf swings her broad pick.
 The dwarf hits!
 You die...
 Do you want your possessions identified? [ynq] (y) y
 Do you want to see your attributes? [ynq] (y) q

Inventory:
 Coins    ('$')
  $ - 227 gold pieces
 Amulets  ('"')
  n - a cursed amulet of change
 Weapons  (')')
  b - a +0 dagger (alternate weapon; not wielded)
  J - 4 +0 daggers (at the ready)
  z - a +0 orcish dagger
  a - a +0 short sword (weapon in right hand)
 Armor    ('[')
  k - an uncursed +0 orcish helm
  l - an uncursed +0 orcish helm
  F - an uncursed +0 orcish helm (being worn)
  t - an uncursed +0 pair of gauntlets of dexterity (being worn)
  G - a blessed +1 pair of low boots (being worn)
  c - an uncursed +1 leather armor (being worn)
 Comestibles  ('%')
  o - a cursed robberbread
  s - an uncursed lembas wafer
 Scrolls  ('?')
  q - a cursed scroll of magic mapping
  u - an uncursed scroll of scare monster
 Potions  ('!')
  H - 2 uncursed potions of booze
  D - an uncursed potion of extra healing
  h - an uncursed potion of gain energy
  A - an uncursed potion of gain level
  E - an uncursed potion of healing
  I - an uncursed potion of monster detection
  w - an uncursed potion of paralysis
  x - an uncursed potion of restore ability
  d - an uncursed potion of sickness
 Tools    ('(')
  f - an empty uncursed sack
  r - an uncursed leash
  e - an uncursed lock pick
 Gems/Stones  ('*')
  i - 2 uncursed worthless pieces of white glass
  j - an uncursed worthless piece of yellowish brown glass
  p - a cursed worthless piece of yellowish brown glass

Brudee the Rogue's attributes:

Background:
 You were a Cutpurse, a level 4 female human Rogue.
 You were chaotic, nominally on a mission for Kos
 who was opposed by Issek (lawful) and Mog (neutral).
 You were right-handed.
 You were in the Gnomish Mines, on level 4.
 You entered the dungeon 1351 turns ago.
 It was nighttime.
 You had 103 experience points, 57 more were needed to attain level 5.
 Your score was 789 before end-of-game adjustments.

Basics:
 You had 0 out of 29 hit points.
 You had all 13 energy points (spell power).
 Your armor class was 3.
 Your wallet contained 227 zorkmids.
 Autopickup was on for '$!=+?/"' plus thrown.

Final Characteristics:
 Your strength was 12 (limit:18/100).
 Your dexterity was 18 (limit:18).
 Your constitution was 15 (limit:18).
 Your intelligence was 11 (limit:18).
 Your wisdom was 12 (limit:18).
 Your charisma was 9 (limit:18).

Final Status:
 You weren't hungry.
 You were unencumbered.
 You were wielding a short sword.
 You had basic skill with short sword.

Final Attributes:
 You were devoutly aligned.
 You were stealthy.
 You were warded.
 You are dead.

Miscellaneous:
 You didn't encounter any bones levels.
 Total elapsed playing time was 9 minutes and 18 seconds.

Major events:
 Turn
    1: Brudee the chaotic female human Rogue entered the dungeon
 1182: entered the Gnomish Mines
 1186: attained the rank of Cutpurse (level 3)
 1351: killed by a dwarf

Spells:
 Name                 Level Category     Fail Retention
 confuse monster        1   enchantment   70%  76%-100%

Skills:
 Fighting Skills
   bare handed combat [Unskilled]
   two weapon combat  [Unskilled]
   riding             [Unskilled]
 Weapon Skills
   dagger             [Basic]
   knife              [Unskilled]
   short sword        [Basic]
   broadsword         [Unskilled]
   long sword         [Unskilled]
   two-handed sword   [Unskilled]
   saber              [Unskilled]
   club               [Unskilled]
   mace               [Unskilled]
   morning star       [Unskilled]
   flail              [Unskilled]
   hammer             [Unskilled]
   polearms           [Unskilled]
   spear              [Unskilled]
   crossbow           [Unskilled]
   dart               [Unskilled]
   shuriken           [Unskilled]
 Spellcasting Skills
   divination spells  [Unskilled]
   escape spells      [Unskilled]
   matter spells      [Unskilled]

Voluntary challenges:
 Character rerolling was not enabled.
 You were an atheist.
 You never genocided any monsters.
 You never polymorphed an object.
 You never changed form.
 You used no wishes.
Achievements:
 You entered a shop.
 You entered the Gnomish Mines.
 You attained the rank of Cutpurse.

 The Dungeons of Doom: levels 1 to 3
    Level 1:
    Level 2:
    Level 3:
       A potion shop.
       Stairs down to The Gnomish Mines.
 The Gnomish Mines:
    Level 4: <- You were here.
       Final resting place for
          you, killed by a dwarf.


Vanquished creatures:
  a gnome leader
  a kitten
  a dwarf
  a hobbit
  6 gnomes
  a gnome zombie
  a gecko
  2 jackals
  2 foxes
  4 goblins
  a sewer rat
  6 grid bugs
  4 newts
31 creatures vanquished.

No species were genocided or became extinct.

Game over:
                       ----------
                      /          \
                     /    REST    \
                    /      IN      \
                   /     PEACE      \
                  /                  \
                  |      Brudee      |
                  |      227 Au      |
                  |   killed by a    |
                  |      dwarf       |
                  |                  |
                  |                  |
                  |       2026       |
                 *|     *  *  *      | *
        _________)/\\_//(\/(/\)/\//\/|_)_______

Goodbye Brudee the Rogue...

You died in The Gnomish Mines on dungeon level 4 with 767 points,
and 227 pieces of gold, after 1351 moves.
You were level 4 with a maximum of 29 hit points when you died.

